AoeStats
← 文風

Hill Fort

506430335Analyzed
3v3 RM · 19d ago on Sep 13, 2026· 41m 15s· 6 players
Game mode
Random Map
Map size
Normal (6 player)
Population
200
Speed
Normal
Resources
Standard
Victory
Conquest
Starting age
Dark Age
Ending age
Imperial Age
RankedLock teamsTeams togetherTeam positionsShared explorationLock speedFull tech treeHidden civsTurbo modeCheats
Victory
Defeat
🇭🇰 Maya · Hong Kong SAR China
1361
+17
🇭🇰 Cumans · Hong Kong SAR China
1328
+18
🇲🇽 Saracens · Mexico
1316
+18
🇫🇷 Slavs · France
1390
-18
🇫🇷 Huns · France
1388
-18
🇫🇷 Poles · France
1360
-17
Mr.Galleta
11:10 Feudal Age
17:15 Loom
20:09 Castle Age
18:46 Gold Mining
18:47 Stone Mining
19:08 Bloodlines
19:12 Double-Bit Axe
19:10 Horse Collar
21:18 Husbandry
21:24 Scale Barding Armor
21:37 Heavy Plow
21:38 Town Watch
24:42 Chain Barding Armor
25:48 Forging
31:57 Devotion
38:59 Imperial Age
38:14 Wheelbarrow
39:26 Iron Casting
39:20 Hand Cart
39:17 Elite Mameluke
40:45 Plate Barding Armor
40:59 Conscription
42:13 Chemistry
42:29 Gold Shaft Mining
專業送分員
9:29 Feudal Age
10:31 Double-Bit Axe
16:31 Wheelbarrow
20:55 Castle Age
19:35 Gold Mining
19:28 Horse Collar
20:28 Loom
22:04 Hand Cart
24:07 Bow Saw
28:30 Imperial Age
26:17 Scale Barding Armor
26:58 Gold Shaft Mining
27:18 Chain Barding Armor
27:42 Bloodlines
28:15 Forging
29:56 Plate Barding Armor
28:45 Cavalier
29:58 Conscription
31:08 Iron Casting
33:45 Blast Furnace
33:54 Paladin
文風
3:04 Loom
9:02 Feudal Age
9:28 Double-Bit Axe
9:48 Horse Collar
17:36 Castle Age
15:54 Fletching
16:37 Gold Mining
18:06 Wheelbarrow
18:32 Bow Saw
18:24 Heavy Plow
19:38 Bodkin Arrow
21:53 Ballistics
21:21 Crossbowman
24:24 Thumb Ring
32:30 Imperial Age
33:04 Arbalester
35:55 Chemistry
36:18 Bracer
36:19 Padded Archer Armor
37:54 Leather Archer Armor
40:11 Ring Archer Armor
GiggsTR
10:21 Feudal Age
16:56 Castle Age
15:00 Horse Collar
15:18 Double-Bit Axe
17:34 Loom
18:25 Wheelbarrow
18:31 Town Watch
22:11 Scale Mail Armor
22:22 Forging
22:18 Scale Barding Armor
23:17 Chain Mail Armor
22:28 Man-at-Arms
24:51 Bow Saw
26:39 Town Patrol
26:59 Hand Cart
28:13 Squires
28:40 Detinets
33:17 Imperial Age
31:14 Pikeman
31:57 Fletching
33:28 Bodkin Arrow
34:08 Iron Casting
33:10 Long Swordsman
35:42 Conscription
36:20 Druzhina
36:58 Halberdier
40:23 Blast Furnace
41:50 Plate Mail Armor
Tim888
10:45 Feudal Age
16:07 Castle Age
14:31 Double-Bit Axe
14:45 Horse Collar
14:59 Loom
15:36 Gold Mining
17:02 Bow Saw
18:03 Heavy Plow
21:33 Wheelbarrow
23:46 Hand Cart
24:29 Scale Barding Armor
24:36 Forging
25:32 Bloodlines
25:36 Husbandry
26:10 Chain Barding Armor
26:07 Town Watch
32:51 Iron Casting
35:39 Imperial Age
34:20 Fletching
38:03 Imperial Age
40:57 Imperial Age
41:00 Cavalier
42:17 Plate Barding Armor
Tatane
5:15 Loom
11:00 Feudal Age
16:56 Castle Age
16:03 Double-Bit Axe
16:02 Horse Collar
20:33 Bow Saw
20:24 Heavy Plow
20:16 Gold Mining
20:20 Fletching
24:00 Wheelbarrow
23:40 Bodkin Arrow
24:30 Padded Archer Armor
24:17 Crossbowman
25:58 Thumb Ring
32:50 Leather Archer Armor
35:23 Ballistics
36:23 Hand Cart
39:15 Imperial Age
38:01 Town Watch
39:23 Arbalester
40:04 Bracer
40:37 Crop Rotation
Connection lost

Rejoining the realm…

Still unreachable

The connection could not be restored.

Session expired

The server has moved on; the page needs a fresh start.